 Dungeon Crawl Stone Soup version 0.31-a0-702-gf82c85558f (webtiles) character file.

Game seed: 15897734872388562759

78 Xavori the Cutter (level 4, -2/31 HPs)
             Began as an Octopode Chaos Knight on Sept 8, 2023.
             Was a Plaything of Xom.
             Slain by an orc
             ... wielding a +0 hand axe
              (7 damage)
             ... on level 3 of the Dungeon.
             The game lasted 00:01:28 (10519 turns).

Xavori the Cutter (Octopode Chaos Knight)          Turns: 10519, Time: 00:01:29

Health: -2/31      AC:  1    Str:  9 (11) XL:     4   Next: 36%
Magic:  4/4        EV: 13    Int: 11 (14) God:    Xom [..*...]
Gold:   188        SH:  0    Dex: 11 (13) Spells: 3/3 levels left

rFire   . . .        a - +0 short sword (chaos)
rCold   + . .        (no shield)
rNeg    . . .        (helmet restricted)
rPois   .            (no amulet)
rElec   .            h - ring of protection from cold
rCorr   .            (no ring)
SInv    .            (no ring)
Will    .....        (no ring)
Stlth   +++          (no ring)
HPRegen 0.25/turn    (no ring)
MPRegen 0.09/turn    (no ring)
                     (no ring)

%: no passive effects
@: no status effects
A: almost no armour, amphibious, 8 rings, camouflage 1, gelatinous body 1,
(nimble swimmer 1), tentacles, deterioration 2
a: Renounce Religion


You were on level 3 of the Dungeon.
You worshipped Xom.
You were a toy of Xom.
You visited 1 branch of the dungeon, and saw 3 of its levels.

You collected 188 gold pieces.

Inventory:

Hand Weapons
 a - a +0 short sword of chaos (weapon)
Jewellery
 h - a ring of protection from cold (left tentacle)
Scrolls
 b - a scroll of butterflies
 d - 2 scrolls of immolation {unknown}
 e - 3 scrolls of identify {unknown}
Potions
 c - a potion of haste {unknown}
 f - a potion of invisibility {unknown}
 g - a potion of enlightenment {unknown}


   Skills:
 + Level 3.5 Fighting
 + Level 3.8 Short Blades
 + Level 2.8 Dodging
 + Level 2.7 Stealth


You had 3 spell levels left.
You didn't know any spells.
Your spell library contained the following spells:

 Spells                   Type           Power      Damage    Failure   Level
 Lesser Beckoning         Tloc           0%         N/A       47%         2
 Gell's Gravitas          Tloc           0%         N/A       71%         3
 Teleport Other           Tloc           0%         N/A       71%         3


Dungeon Overview and Level Annotations

Branches:
Dungeon (3/15)

Altars:


Innate Abilities, Weirdness & Mutations

You cannot wear most types of armour.
You are amphibious.
You can wear up to eight rings at the same time.
Your skin changes colour to match your surroundings (Stealth+).
Your rubbery body absorbs attacks. (AC +1, EV +1)
((You are camouflaged when in or above water. (Stealth+)))
You have tentacles for arms and can constrict up to eight enemies at once.
Your body often deteriorates upon taking damage.


Message History

The orc hits you with a +0 hand axe. The orc closely misses you.
The orc misses you.
There are monsters nearby!
You hit the orc. You grab the orc. You squeeze the orc, but do no damage.
The orc is moderately wounded.
You constrict the orc, but do no damage.
The orc closely misses you. The orc barely misses you.
The orc closely misses you.
There are monsters nearby!
You hit the orc but do no damage.
The orc is moderately wounded.
You constrict the orc, but do no damage.
You hit the orc.
The orc is poisoned.
The orc is moderately wounded.
You constrict the orc, but do no damage.
The orc hits you with a +0 whip.
Your body deteriorates!
You feel clumsy.
The orc barely misses you. x2; The orc hits you with a +0 whip.
Your body deteriorates!
You feel dopey.
You hit the orc but do no damage.
The orc seems to grow stronger.
Xom is amused.
The orc is heavily wounded.
You constrict the orc, but do no damage.
The orc hits you with a +0 whip.
Your body deteriorates!
You feel dopey. The orc hits you but does no damage.
The orc hits you with a +0 short sword.
* * * LOW HITPOINT WARNING * * *
The orc jeers loudly, as Orcs often do.
The orc barely misses you.
Unknown command.
You are too injured to fight recklessly!
You are too injured to fight recklessly!
Unknown command.
You are too injured to fight recklessly!
You release your grip on the orc.
The orc misses you.
You kill the orc!
The orc attacks as it pursues you! The orc hits you with a +0 whip.
* * * LOW HITPOINT WARNING * * *
The orc attacks as it pursues you! The orc hits you with a +0 hand axe!
You die...

#. # ##. #. #.. #.##.(
#..... ########.#
########## #........#
#........# #.###....#
#...@###.# #.#......#
#...o###.###........#
#.o..##........#..###
#..o.##..............
#o...##.†.........###
.....!.....##...........#
.....###...##...........#
.... #...##.......#...#
... #...##.......#...#


You could see 4 orcs.

Vanquished Creatures
  3 adders
  A worm (D:2)
  2 dart slugs
  An orc (D:3)
  5 ball pythons
  2 endoplasms (D:1)
  3 giant cockroaches
  3 goblins (D:1)
  4 hobgoblins
  3 quokkas
  5 bats (D:1)
  6 frilled lizards
  4 rats
42 creatures vanquished.

Notes
Turn   | Place    | Note
-------+----------+-------------------------------------------
     0 | D:1      | Xavori the Octopode Chaos Knight began the quest for the
                  | Orb.
     0 | D:1      | Reached XP level 1. HP: 16/16 MP: 1/1
    47 | D:1      | Reached XP level 2. HP: 12/21 MP: 2/2
   386 | D:1      | XOM: divination: detect creatures
   493 | D:1      | XOM: divination: magic mapping
   862 | D:1      | XOM: give mutation
   862 | D:1      | Gained mutation: You have hidden genetic defects. [Xom's
                  | mischief]
   946 | D:1      | Gained mutation: Your body sometimes deteriorates upon
                  | taking damage. [hidden defects]
   964 | D:1      | Reached XP level 3. HP: 26/26 MP: 3/3
  1057 | D:1      | Gained mutation: Your body often deteriorates upon taking
                  | damage. [hidden defects]
  1057 | D:1      | Lost mutation: You have hidden genetic defects. [hidden
                  | defects expressed]
  1142 | D:1      | Reached skill level 1 in Stealth
  1624 | D:1      | XOM: cloud trail
  1684 | D:1      | XOM: divination: magic mapping
  2348 | D:1      | XOM is BORED!
  2348 | D:1      | XOM: noise
  2574 | D:1      | XOM: god gift: scroll labelled NOREBR XUESS {god gift}
  2728 | D:1      | XOM is BORED!
  2728 | D:1      | XOM: noise
  3113 | D:1      | XOM: god gift: ivory battleaxe {god gift}
  3113 | D:1      | Identified the +5 battleaxe of Exceptional Defence {chaos,
                  | *Slow Fly Int+9} (Xom gifted it to you on level 1 of the
                  | Dungeon)
  4116 | D:1      | XOM: god gift: 34 gold pieces
  4191 | D:1      | XOM: noise
  4792 | D:1      | XOM: god gift: 30 gold pieces
  5209 | D:1      | XOM is BORED!
  5209 | D:1      | XOM: summons 2 hostile demons
  5341 | D:2      | XOM: god gift: 59 gold pieces
  5580 | D:1      | XOM: divination: detect items
  5656 | D:1      | XOM: noise
  5974 | D:1      | XOM: silly message
  6403 | D:1      | XOM: divination: detect creatures
  6856 | D:1      | XOM: divination: magic mapping
  7584 | D:1      | XOM: divination: detect creatures
  7887 | D:1      | XOM: divination: magic mapping
  9417 | D:1      | XOM: divination: detect creatures
 10111 | D:2      | Identified the +2 robe of Geunydic {-Cast rF++}
 10338 | D:3      | Reached XP level 4. HP: 31/31 MP: 4/4
 10346 | D:3      | Found a faded altar of an unknown god.
 10519 | D:3      | Slain by an orc

Illustrated notes

Levels and vault maps discovered:
D:1:      dpeg_arrival_subterranean_lakeside_camping, layout_loops_corners
D:2:      layout_basic, nicolae_titane
D:3:      minmay_chambers_of_twos, layout_basic, basic_ecumenical_altar

Skill      XL: |  1  2  3 |
---------------+----------+-----
Stealth        | 2 |  2.7
Fighting       | |  3.5
Short Blades   | |  3.8
Dodging        | |  2.8

Action                     |  1- 3 |  4- 6 || total
---------------------------+-------+-------++-------
  Melee: Short sword       |    71 |    10 ||    81
         Constrict         |    15 |     3 ||    18
         Tentacles         |     6 |     3 ||     9
    Use: Scroll            |     1 |       ||     1
   Stab: Sleeping          |    12 |       ||    12
 Armour: Skin              |    20 |    12 ||    32
  Dodge: Dodged            |    37 |    10 ||    47

Table legend: (Time is in decaauts)
 A = Elapsed time spent in this place.
 B = Non-inter-level travel time spent in this place.
 C = Inter-level travel time spent in this place.
 D = Time resting spent in this place.
 E = Time spent auto-exploring this place.
 F = Levels seen in this place.
 G = Mean time per level.
                   A        B        C        D        E       F      G
               +--------+--------+--------+--------+--------+-----+--------+
         Total |  10506 |  10444 |     62 |   8907 |   1255 |   3 | 3502.0 |
       Dungeon |  10506 |  10444 |     62 |   8907 |   1255 |   3 | 3502.0 |
               +--------+--------+--------+--------+--------+-----+--------+

Top non-repeatable levels by time:
     D:1: 9432 daAuts
     D:2: 878 daAuts
     D:3: 195 daAuts
